| TOP OF THE 1ST |
|
Chicago Cubs batting - Pitching for Philadelphia Phillies : RHP Buzz Capra
|
|
Pitching: RHP Buzz Capra
|
|
|
Batting: RHB Gary Ward
|
0-0: Called Strike 0-1: Ball 1-1: Ball 2-1: Bunt for hit to P - play at first, batter OUT! 1-3
|
|
Batting: RHB Lonnie Smith
|
0-0: Foul Ball, location: 2F 0-1: Swinging Strike 0-2: Strikes out swinging
|
|
Batting: RHB Jim Rice
|
0-0: Ball 1-0: Ground out 5-3 (Groundball, 56, EV 81.3 MPH)
|
| Top of the 1st over - 0 runs, 0 hits, 0 errors, 0 left on base; Chicago 0 - Philadelphia 0 |
| BOTTOM OF THE 1ST |
|
Philadelphia Phillies batting - Pitching for Chicago Cubs : RHP Bert Blyleven
|
|
Pitching: RHP Bert Blyleven
|
|
|
Batting: RHB Paul Molitor
|
0-0: Fly out, F7 (Flyball, 7LS, EV 81.3 MPH)
|
|
Batting: RHB Andy Ramirez
|
0-0: Ground out 5-3 (Groundball, 56S, EV 79.4 MPH)
|
|
Batting: LHB Tony Gwynn
|
0-0: Ball 1-0: SINGLE (Groundball, 34D, EV 95.6 MPH)
|
|
Batting: RHB Candy Maldonado
|
0-0: Ball 1-0: Called Strike 1-1: Ball 2-1: Foul Ball, location: 2F 2-2: 2-RUN HOME RUN (Flyball, 78XD, EV 96.9 MPH), Distance : 419 ft
|
|
Batting: LHB Ken Phelps
|
0-0: Foul Ball, location: 2F 0-1: Ball 1-1: Ground out 6-3 (Groundball, 6, EV 80.6 MPH)
|
| Bottom of the 1st over - 2 runs, 2 hits, 0 errors, 0 left on base; Chicago 0 - Philadelphia 2 |
| TOP OF THE 2ND |
|
Chicago Cubs batting - Pitching for Philadelphia Phillies : RHP Buzz Capra
|
|
Batting: SHB Roy Smalley
|
0-0: Ball 1-0: Foul Ball, location: 2F 1-1: Foul Ball, location: 2F 1-2: Fly out, F8 (Line Drive, 8RXD, EV 105.6 MPH)
|
|
Batting: RHB Marty Castillo
|
0-0: Ball 1-0: Foul Ball, location: 2F 1-1: Ground out 6-3 (Groundball, 6M, EV 109.4 MPH)
|
|
Batting: LHB Gerald Perry
|
0-0: Ball 1-0: Called Strike 1-1: Foul Ball, location: 2F 1-2: SINGLE (Groundball, 6MS, EV 65.6 MPH) (infield hit)
|
|
Batting: RHB Randy Ready
|
0-0: Ball Gerald Perry steals 2nd base 1-0: Ball 2-0: Called Strike 2-1: Foul Ball, location: 2F 2-2: Strikes out swinging
|
| Top of the 2nd over - 0 runs, 1 hit, 0 errors, 1 left on base; Chicago 0 - Philadelphia 2 |
| BOTTOM OF THE 2ND |
|
Philadelphia Phillies batting - Pitching for Chicago Cubs : RHP Bert Blyleven
|
|
Batting: RHB Andre Dawson
|
0-0: Fly out, F8 (Flyball, 78M, EV 77.5 MPH)
|
|
Batting: LHB Lou Whitaker
|
0-0: Ball 1-0: Ground out U3 (Groundball, 3, EV 80.6 MPH)
|
|
Batting: RHB Jody Davis
|
0-0: Foul Ball, location: 2F 0-1: Foul Ball, location: 2F 0-2: Ball 1-2: Ball 2-2: Strikes out swinging
|
| Bottom of the 2nd over - 0 runs, 0 hits, 0 errors, 0 left on base; Chicago 0 - Philadelphia 2 |
| TOP OF THE 3RD |
|
Chicago Cubs batting - Pitching for Philadelphia Phillies : RHP Buzz Capra
|
|
Batting: RHB Rick Cerone
|
0-0: Ball 1-0: Called Strike 1-1: Bunt for hit to 13 - play at first, batter safe!
|
|
Batting: RHB Bert Blyleven
|
0-0: Sac Bunt to 25 - play at first, batter OUT! 5-4 Rick Cerone to second
|
|
Batting: RHB Gary Ward
|
0-0: Ball 1-0: Ball 2-0: Ball 3-0: Called Strike 3-1: Ground out 6-3 (Groundball, 6S, EV 90.0 MPH)
|
|
Batting: RHB Lonnie Smith
|
0-0: Ball 1-0: Called Strike 1-1: Ball 2-1: Ball 3-1: Foul Ball, location: 2F 3-2: Base on Balls
|
|
Batting: RHB Jim Rice
|
0-0: Foul Ball, location: 2F 0-1: Ball 1-1: Ball 2-1: Called Strike 2-2: Ball 3-2: Base on Balls Rick Cerone to third Lonnie Smith to second
|
|
Batting: SHB Roy Smalley
|
0-0: Ball 1-0: Fly out, F9 (Flyball, 9, EV 81.3 MPH)
|
| Top of the 3rd over - 0 runs, 1 hit, 0 errors, 3 left on base; Chicago 0 - Philadelphia 2 |
| BOTTOM OF THE 3RD |
|
Philadelphia Phillies batting - Pitching for Chicago Cubs : RHP Bert Blyleven
|
|
Batting: RHB Buzz Capra
|
0-0: Ball 1-0: Called Strike 1-1: Ball 2-1: Swinging Strike 2-2: Strikes out swinging
|
|
Batting: RHB Paul Molitor
|
0-0: Called Strike 0-1: Ball 1-1: Fly out, F7 (Line Drive, 7D, EV 85.6 MPH)
|
|
Batting: RHB Andy Ramirez
|
0-0: Ball 1-0: DOUBLE (Line Drive, 3D, EV 95.6 MPH)
|
|
Batting: LHB Tony Gwynn
|
0-0: Called Strike 0-1: Fly out, F7 (Flyball, 78D, EV 101.3 MPH)
|
| Bottom of the 3rd over - 0 runs, 1 hit, 0 errors, 1 left on base; Chicago 0 - Philadelphia 2 |
| TOP OF THE 4TH |
|
Chicago Cubs batting - Pitching for Philadelphia Phillies : RHP Buzz Capra
|
|
Batting: RHB Marty Castillo
|
0-0: Ground out 4-3 (Groundball, 4, EV 103.1 MPH)
|
|
Batting: LHB Gerald Perry
|
0-0: Ball 1-0: SINGLE (Line Drive, 89S, EV 105.6 MPH)
|
|
Batting: RHB Randy Ready
|
0-0: Called Strike 0-1: Ball 1-1: Ball 2-1: Ball 3-1: Foul Ball, location: 2F 3-2: Base on Balls Gerald Perry to second
|
|
Batting: RHB Rick Cerone
|
0-0: Called Strike 0-1: DOUBLE (Line Drive, 89M, EV 99.4 MPH) Gerald Perry scores Randy Ready to third Runner from 3rd tries for Home, SAFE, throw by CF to home
|
|
Batting: RHB Bert Blyleven
|
0-0: Called Strike 0-1: Ball 1-1: Foul Ball, location: 2F 1-2: Foul Ball, location: 2F 1-2: Ball 2-2: Strikes out swinging
|
|
Batting: RHB Gary Ward
|
0-0: Swinging Strike 0-1: Reached on error, E5 (Groundball, 5L, EV 85.0 MPH) Rick Cerone to third
|
|
Batting: RHB Lonnie Smith
|
0-0: Ball 1-0: Ball 2-0: Ball 3-0: Base on Balls Gary Ward to second
|
|
Batting: RHB Jim Rice
|
0-0: Swinging Strike 0-1: Ball 1-1: Foul Ball, location: 2F 1-2: Strikes out swinging
|
| Top of the 4th over - 2 runs, 2 hits, 1 error, 3 left on base; Chicago 2 - Philadelphia 2 |
| BOTTOM OF THE 4TH |
|
Philadelphia Phillies batting - Pitching for Chicago Cubs : RHP Bert Blyleven
|
|
Batting: RHB Candy Maldonado
|
0-0: Ball 1-0: Fly out, F9 (Flyball, 9, EV 91.3 MPH)
|
|
Batting: LHB Ken Phelps
|
0-0: Ball 1-0: Called Strike 1-1: Ball 2-1: Ball 3-1: Called Strike 3-2: Strikes out looking
|
|
Batting: RHB Andre Dawson
|
0-0: Called Strike 0-1: Ball 1-1: Fly out, F8 (Line Drive, 8RM, EV 108.8 MPH)
|
| Bottom of the 4th over - 0 runs, 0 hits, 0 errors, 0 left on base; Chicago 2 - Philadelphia 2 |
| TOP OF THE 5TH |
|
Chicago Cubs batting - Pitching for Philadelphia Phillies : RHP Buzz Capra
|
|
Batting: SHB Roy Smalley
|
0-0: Ball 1-0: SOLO HOME RUN (Flyball, 9D, EV 103.8 MPH), Distance : 371 ft
|
|
Batting: RHB Marty Castillo
|
0-0: Ball 1-0: Swinging Strike 1-1: Called Strike 1-2: Ball 2-2: Ball 3-2: Strikes out swinging
|
|
Batting: LHB Gerald Perry
|
0-0: Called Strike 0-1: Ground out U3 (Groundball, 3L, EV 80.6 MPH)
|
|
Batting: RHB Randy Ready
|
0-0: DOUBLE (Line Drive, 7LS, EV 106.3 MPH)
|
|
Batting: RHB Rick Cerone
|
0-0: Intentional Walk
|
|
Batting: RHB Bert Blyleven
|
0-0: Called Strike 0-1: Foul Ball, location: 2F 0-2: Foul Ball, location: 2F 0-2: Ball 1-2: Strikes out swinging
|
| Top of the 5th over - 1 run, 2 hits, 0 errors, 2 left on base; Chicago 3 - Philadelphia 2 |
| BOTTOM OF THE 5TH |
|
Philadelphia Phillies batting - Pitching for Chicago Cubs : RHP Bert Blyleven
|
|
Batting: LHB Lou Whitaker
|
0-0: Ball 1-0: Ground out U3 (Groundball, 3, EV 96.3 MPH)
|
|
Batting: RHB Jody Davis
|
0-0: Called Strike 0-1: Ball 1-1: Called Strike 1-2: Ball 2-2: Ball 3-2: SINGLE (Line Drive, 8LS, EV 98.8 MPH)
|
|
Batting: RHB Buzz Capra
|
0-0: Sac Bunt to 15 - play at first, batter OUT! 1-4 Jody Davis to second
|
|
Batting: RHB Paul Molitor
|
0-0: Reached on error, E5 (Groundball, 56, EV 84.4 MPH) Jody Davis to third
|
|
Batting: RHB Andy Ramirez
|
0-0: Ball 1-0: Fly out, F8 (Flyball, 8LM, EV 90.6 MPH)
|
| Bottom of the 5th over - 0 runs, 1 hit, 1 error, 2 left on base; Chicago 3 - Philadelphia 2 |
| TOP OF THE 6TH |
|
Chicago Cubs batting - Pitching for Philadelphia Phillies : RHP Buzz Capra
|
|
Batting: RHB Gary Ward
|
0-0: Ball 1-0: Called Strike 1-1: Fly out, F9 (Flyball, 9LS, EV 85.0 MPH)
|
|
Batting: RHB Lonnie Smith
|
0-0: Foul Ball, location: 2F 0-1: Swinging Strike 0-2: Ball 1-2: Ball 2-2: Ground out 5-3 (Groundball, 56, EV 82.5 MPH)
|
|
Batting: RHB Jim Rice
|
0-0: Called Strike 0-1: Swinging Strike 0-2: Ball 1-2: Strikes out swinging
|
| Top of the 6th over - 0 runs, 0 hits, 0 errors, 0 left on base; Chicago 3 - Philadelphia 2 |
| BOTTOM OF THE 6TH |
|
Philadelphia Phillies batting - Pitching for Chicago Cubs : RHP Bert Blyleven
|
|
Batting: LHB Tony Gwynn
|
0-0: Ball 1-0: Ball 2-0: Foul Ball, location: 2F 2-1: Foul Ball, location: 2F 2-2: SOLO HOME RUN (Flyball, 9D, EV 111.9 MPH), Distance : 386 ft
|
|
Batting: RHB Candy Maldonado
|
0-0: Ball 1-0: Ball 2-0: Called Strike 2-1: Foul Ball, location: 2F 2-2: Ball 3-2: Strikes out swinging
|
|
Batting: LHB Ken Phelps
|
0-0: Ball 1-0: Fly out, F8 (Flyball, 8LM, EV 77.5 MPH)
|
|
Batting: RHB Andre Dawson
|
0-0: Ball 1-0: Ground out 6-3 (Groundball, 6, EV 98.1 MPH)
|
| Bottom of the 6th over - 1 run, 1 hit, 0 errors, 0 left on base; Chicago 3 - Philadelphia 3 |
| TOP OF THE 7TH |
|
Chicago Cubs batting - Pitching for Philadelphia Phillies : RHP Buzz Capra
|
|
Batting: SHB Roy Smalley
|
0-0: Foul Ball, location: 2F 0-1: Ball 1-1: Fly out, F8 (Flyball, 8LS, EV 86.3 MPH)
|
|
Batting: RHB Marty Castillo
|
0-0: Ball 1-0: Called Strike 1-1: Ball 2-1: Swinging Strike 2-2: Ball 3-2: Strikes out looking
|
|
Batting: LHB Gerald Perry
|
0-0: Called Strike 0-1: Ball 1-1: Ball 2-1: Ground out 4-3 (Groundball, 4D, EV 108.1 MPH)
|
| Top of the 7th over - 0 runs, 0 hits, 0 errors, 0 left on base; Chicago 3 - Philadelphia 3 |
| BOTTOM OF THE 7TH |
|
Philadelphia Phillies batting - Pitching for Chicago Cubs : RHP Bert Blyleven
|
|
Batting: LHB Lou Whitaker
|
0-0: Ball 1-0: Ball 2-0: Foul Ball, location: 2F 2-1: Ball 3-1: Called Strike 3-2: Ground out 4-3 (Groundball, 4, EV 78.8 MPH)
|
|
Batting: RHB Jody Davis
|
0-0: Called Strike 0-1: Ball 1-1: Called Strike 1-2: Foul Ball, location: 2F 1-2: Ball 2-2: Fly out, F8 (Flyball, 8RS, EV 83.1 MPH)
|
|
Pinch Hitting: LHB Cecil Cooper
|
0-0: Ball 1-0: Ball 2-0: Called Strike 2-1: Foul Ball, location: 2F 2-2: Ball 3-2: Strikes out swinging
|
| Bottom of the 7th over - 0 runs, 0 hits, 0 errors, 0 left on base; Chicago 3 - Philadelphia 3 |
| TOP OF THE 8TH |
|
Chicago Cubs batting - Pitching for Philadelphia Phillies : RHP Buzz Capra
|
|
Pitching: RHP Tom Hume
|
|
|
Batting: RHB Randy Ready
|
0-0: Called Strike 0-1: Ball 1-1: Swinging Strike 1-2: Ball 2-2: Foul Ball, location: 2F 2-2: Strikes out swinging
|
|
Batting: RHB Rick Cerone
|
0-0: Swinging Strike 0-1: Ball 1-1: SINGLE (Line Drive, 8LS, EV 102.5 MPH)
|
|
Batting: RHB Bert Blyleven
|
0-0: Bunted foul 0-1: Ball 1-1: Sac Bunt to 15 - play at first, batter OUT! 1-4 Rick Cerone to second
|
|
Batting: RHB Gary Ward
|
0-0: Called Strike 0-1: Ball 1-1: Called Strike 1-2: Ball 2-2: Strikes out swinging
|
| Top of the 8th over - 0 runs, 1 hit, 0 errors, 1 left on base; Chicago 3 - Philadelphia 3 |
| BOTTOM OF THE 8TH |
|
Philadelphia Phillies batting - Pitching for Chicago Cubs : RHP Bert Blyleven
|
|
Batting: RHB Paul Molitor
|
0-0: Called Strike 0-1: Fly out, F3 (Popup, 3SF, EV 72.5 MPH)
|
|
Batting: RHB Andy Ramirez
|
0-0: Foul Ball, location: 2F 0-1: Ball 1-1: Fly out, F9 (Flyball, 9S, EV 88.8 MPH)
|
|
Batting: LHB Tony Gwynn
|
0-0: Ball 1-0: Called Strike 1-1: Foul Ball, location: 2F 1-2: Foul Ball, location: 2F 1-2: Ground out 4-3 (Groundball, 4, EV 106.9 MPH)
|
| Bottom of the 8th over - 0 runs, 0 hits, 0 errors, 0 left on base; Chicago 3 - Philadelphia 3 |
| TOP OF THE 9TH |
|
Chicago Cubs batting - Pitching for Philadelphia Phillies : RHP Tom Hume
|
|
Batting: RHB Lonnie Smith
|
0-0: Ball 1-0: Foul Ball, location: 2F 1-1: Ball 2-1: Ball 3-1: Called Strike 3-2: Foul Ball, location: 2F 3-2: Strikes out swinging
|
|
Batting: RHB Jim Rice
|
0-0: Ground out 1-3 (Groundball, 13, EV 69.4 MPH)
|
|
Batting: SHB Roy Smalley
|
0-0: Foul Ball, location: 2F 0-1: Swinging Strike 0-2: Strikes out swinging
|
| Top of the 9th over - 0 runs, 0 hits, 0 errors, 0 left on base; Chicago 3 - Philadelphia 3 |
| BOTTOM OF THE 9TH |
|
Philadelphia Phillies batting - Pitching for Chicago Cubs : RHP Bert Blyleven
|
|
Batting: RHB Candy Maldonado
|
0-0: Swinging Strike 0-1: Ball 1-1: Ball 2-1: Swinging Strike 2-2: Strikes out swinging
|
|
Batting: LHB Ken Phelps
|
0-0: Called Strike 0-1: Foul Ball, location: 2F 0-2: Ball 1-2: Foul Ball, location: 2F 1-2: Ball 2-2: SINGLE (Groundball, 6D, EV 95.0 MPH)
|
|
Batting: RHB Andre Dawson
|
0-0: Ball 1-0: Ground out 5-3 (Groundball, 56, EV 107.5 MPH) Ken Phelps to second
|
|
Batting: LHB Lou Whitaker
|
0-0: Foul Ball, location: 2F 0-1: Ball 1-1: Swinging Strike 1-2: Ball 2-2: Foul Ball, location: 2F 2-2: Ground out 4-3 (Groundball, 4, EV 86.9 MPH)
|
| Bottom of the 9th over - 0 runs, 1 hit, 0 errors, 1 left on base; Chicago 3 - Philadelphia 3 |
| TOP OF THE 10TH |
|
Chicago Cubs batting - Pitching for Philadelphia Phillies : RHP Tom Hume
|
|
Batting: RHB Marty Castillo
|
0-0: Called Strike 0-1: Ground out 6-3 (Groundball, 6, EV 81.9 MPH)
|
|
Batting: LHB Gerald Perry
|
0-0: Fly out, F8 (Flyball, 89D, EV 107.5 MPH)
|
|
Batting: RHB Randy Ready
|
0-0: Ball 1-0: Foul Ball, location: 2F 1-1: Foul Ball, location: 2F 1-2: Strikes out swinging
|
| Top of the 10th over - 0 runs, 0 hits, 0 errors, 0 left on base; Chicago 3 - Philadelphia 3 |
| BOTTOM OF THE 10TH |
|
Philadelphia Phillies batting - Pitching for Chicago Cubs : RHP Bert Blyleven
|
|
Batting: RHB Jody Davis
|
0-0: Ball 1-0: Swinging Strike 1-1: SINGLE (Groundball, 5S, EV 66.3 MPH) (infield hit)
|
|
Pinch Hitting: LHB Andy Guerrero
|
0-0: Ball 1-0: Bunted foul 1-1: Bunted foul 1-2: Ball 2-2: Ball 3-2: Strikes out swinging
|
|
Batting: RHB Paul Molitor
|
0-0: Ball 1-0: Foul Ball, location: 2F 1-1: Fly out, F8 (Flyball, 8RS, EV 72.5 MPH)
|
|
Batting: RHB Andy Ramirez
|
0-0: Ball 1-0: Foul Ball, location: 2F 1-1: Fly out, F9 (Flyball, 89M, EV 80.0 MPH)
|
| Bottom of the 10th over - 0 runs, 1 hit, 0 errors, 1 left on base; Chicago 3 - Philadelphia 3 |
| TOP OF THE 11TH |
|
Chicago Cubs batting - Pitching for Philadelphia Phillies : RHP Tom Hume
|
|
Pitching: RHP Jim Kern
|
|
|
Batting: RHB Rick Cerone
|
0-0: Called Strike 0-1: Ball 1-1: Foul Ball, location: 2F 1-2: SINGLE (Groundball, 6MD, EV 100.0 MPH)
|
|
Pinch Hitting: LHB Dave Bergman
|
0-0: Bunted foul 0-1: Bunted foul 0-2: Fly out, F8 (Flyball, 8RS, EV 86.9 MPH)
|
|
Batting: RHB Gary Ward
|
0-0: Ball 1-0: Ball 2-0: Called Strike 2-1: Ground out 3-1 (Groundball, 34, EV 85.6 MPH) Rick Cerone to second
|
|
Batting: RHB Lonnie Smith
|
0-0: Intentional Walk
|
|
Pinch Runner at 2nd Robert Kraft:
|
|
|
Batting: RHB Jim Rice
|
0-0: Ball 1-0: Foul Ball, location: 2F 1-1: Foul Ball, location: 2F 1-2: Foul Ball, location: 2F 1-2: Strikes out swinging
|
| Top of the 11th over - 0 runs, 1 hit, 0 errors, 2 left on base; Chicago 3 - Philadelphia 3 |
| BOTTOM OF THE 11TH |
|
Philadelphia Phillies batting - Pitching for Chicago Cubs : RHP Bert Blyleven
|
|
Pitching: LHP Abelino Pena
|
|
|
Now at C: Bob Brenly
|
|
|
Batting: LHB Tony Gwynn
|
0-0: Ball 1-0: Foul Ball, location: 2F 1-1: Ball 2-1: SINGLE (Groundball, 4MD, EV 105.6 MPH) (infield hit)
|
|
Pitching: LHP Dave Dravecky
|
|
|
Batting: RHB Candy Maldonado
|
0-0: Ball 1-0: Ball 2-0: Ball 3-0: Called Strike 3-1: SINGLE (Groundball, 25, EV 69.4 MPH) (infield hit) Tony Gwynn to second
|
|
Batting: LHB Ken Phelps
|
0-0: Fly out, F8 (Flyball, 8LS, EV 87.5 MPH)
|
|
Batting: RHB Andre Dawson
|
0-0: Ball 1-0: Ball Tony Gwynn steals 3rd base Candy Maldonado to second 2-0: Intentional Walk
|
|
Pinch Hitting: RHB Dan Thomas
|
0-0: Ball 1-0: Ball 2-0: Ball 3-0: Called Strike 3-1: Base on Balls Tony Gwynn scores Candy Maldonado to third Andre Dawson to second
|
| Bottom of the 11th over - 1 run, 2 hits, 0 errors, 0 left on base; Chicago 3 - Philadelphia 4 |
|